 Dungeon Crawl Stone Soup version 0.28.0 (webtiles) character file.

Game seed: 16776554146537356350

89 Cykl0x the Conjurer (level 4, -4/25 HPs)
             Began as a Gargoyle Conjurer on Feb 7, 2022.
             Slain by a wyvern (10 damage)
             ... on level 6 of the Dungeon.
             The game lasted 00:09:04 (3161 turns).

Cykl0x the Conjurer (Gargoyle Conjurer)             Turns: 3161, Time: 00:09:05

Health: -4/25      AC:  9    Str: 16    XL:     4   Next: 55%
Magic:  0/7        EV:  8    Int: 21    God:
Gold:   135        SH:  5    Dex:  8    Spells: 1/7 levels left

rFire   . . .      SeeInvis .   k - +2 dagger (elec)
rCold   . . .      Faith    .   l - +0 kite shield
rNeg    + . .      Spirit   .   f - +0 ring mail
rPois   ∞          Reflect  .   (no helmet)
rElec   +          Harm     .   o - +0 cloak
rCorr   .          Rampage  .   (no gloves)
Will    .....                   (no boots)
Stlth   +.........              (no amulet)
HPRegen 0.08/turn               i - +6 ring of strength
MPRegen 0.10/turn               (no ring)

@: no status effects
A: sickness immunity, AC +3, negative energy resistance 1, electricity
resistance, torment resistance 1, petrification resistance
a: no special abilities


You were on level 6 of the Dungeon.
You visited 1 branch of the dungeon, and saw 4 of its levels.

You collected 135 gold pieces.

Inventory:

Hand Weapons
 b - a +0 vorpal dagger
 h - a +0 dagger of holy wrath
 k - a +2 dagger of electrocution (weapon)
Armour
 a - a +0 robe
 c - a +0 leather armour
 f - a +0 ring mail (worn)
 l - a +0 kite shield (worn)
 m - a +0 scale mail
 o - a +0 cloak (worn)
Jewellery
 i - a +6 ring of strength (left hand)
Wands
 n - a wand of paralysis (4)
 p - a wand of acid (3)
Scrolls
 d - 2 scrolls of fog
 e - 4 scrolls of identify
Potions
 g - 2 potions of berserk rage
 j - a potion of flight {unknown}


   Skills:
 * Level 1.3 Fighting
 + Level 0.1(0.6) Short Blades
 * Level 1.1 Long Blades
 * Level 1.3 Armour
 + Level 2.1 Dodging
 - Level 2.1 Stealth
 + Level 2.3 Spellcasting
 + Level 4.8 Conjurations
 + Level 0.6 Hexes


You had one spell level left.
You knew the following spells:

 Your Spells              Type           Power      Damage    Failure   Level
a - Magic Dart            Conj           88%        1d7       14%         1
b - Searing Ray           Conj           44%        2d6       22%         2
c - Dazzling Flash        Conj/Hex       26%        N/A       69%         3

Your spell library contained the following spells:

 Spells                   Type           Power      Damage    Failure   Level
 Animate Skeleton         Necr           4%         N/A       71%         1
 Apportation              Tloc           4%         N/A       71%         1
 Summon Small Mammal      Summ           8%         N/A       71%         1
 Wereblood                Tmut           2%         N/A       83%         2
 Fulminant Prism          Conj/Hex       6%         3d7       97%         4
 Iskenderun's Mystic Bla  Conj/Tloc      12%        2d5       98%         4
 Summon Hydra             Summ           1%         N/A       100%        7
 Sublimation of Blood     Necr           Unusable   N/A       N/A         2

Dungeon Overview and Level Annotations

Branches:
Dungeon (3/15)

Altars:

Annotations:
D:6 3 runed translucent doors, brob1's ghost, novice MiFi


Innate Abilities, Weirdness & Mutations

You are immune to sickness and miasma.
Your stone body is resilient. (AC +3)
You are immune to poison.
You resist negative energy. (rN+)
You are resistant to electric shocks. (rElec)
You are resistant to unholy torment.
You are immune to petrification.


Message History

The floor.
A wyvern comes into view.
The magic dart hits the wyvern but does no damage.
Casting: Magic Dart (safe; 14% risk of failure)
Confirm with . or Enter, or press ? or * to list all spells.
You can't see any susceptible monsters within range! (Use Z to cast anyway.)
The magic dart hits the wyvern.
The wyvern is lightly wounded.
Casting: Magic Dart (safe; 14% risk of failure)
Confirm with . or Enter, or press ? or * to list all spells.
Aiming: Searing Ray (safe; 22% risk of failure)
Press: ? - help, Shift-Dir - straight line, f/p - wyvern
Aim: a wyvern (lightly wounded, 78% to hit)
The searing ray hits the wyvern.
The wyvern is moderately wounded. (Press . to maintain the ray.)
Casting: Searing Ray (safe; 22% risk of failure)
Confirm with . or Enter, or press ? or * to list all spells.
Restarting spell: Searing Ray (safe; 22% risk of failure)
Press: ? - help, Shift-Dir - straight line, f/p - wyvern
Aim: a wyvern (lightly wounded, 78% to hit)
The searing ray hits the wyvern.
The wyvern is moderately wounded. (Press . to maintain the ray.)
The wyvern bites you.
The searing ray hits the wyvern.
The wyvern is heavily wounded.
The wyvern bites you but does no damage.
You barely miss the wyvern.
The wyvern is heavily wounded.
You block the wyvern's attack. The wyvern bites you!
You closely miss the wyvern.
The wyvern is heavily wounded.
The wyvern bites you.
* * * LOW HITPOINT WARNING * * *
The wyvern closely misses you.
You hit the wyvern but do no damage.
The wyvern is heavily wounded.
The wyvern barely misses you. The wyvern bites you!
You die...

###.# #..(....# #...#
#....(..#
##.#####.(....(# #..#
#.###+++### #.##
#.........# #.#
#.........#
####.####.......###
#.......#........##
#.......#......#@l#
#.......#.......#..#
#........######..#....
########..# ##.##...≈≈
##.# .# #..≈# #..#
.≈≈≈ ##.# ≈≈≈ .# ≈. .#


You could see a wyvern.

Vanquished Creatures
  An adder (D:2)
  A worm (D:3)
  A dart slug (D:2)
  8 ball pythons
  6 bats
  6 endoplasms
  4 giant cockroaches
  7 goblins
  6 hobgoblins
  4 jackals (D:2)
  5 quokkas
  4 frilled lizards
  9 kobolds
  4 rats
66 creatures vanquished.

Notes
Turn   | Place    | Note
-------+----------+-------------------------------------------
     0 | D:1      | Cykl0x the Gargoyle Conjurer began the quest for the Orb.
     0 | D:1      | Reached XP level 1. HP: 10/10 MP: 3/3
   125 | D:1      | Reached XP level 2. HP: 10/16 MP: 0/5
   271 | D:1      | Learned a level 2 spell: Searing Ray
   384 | D:1      | Found a faded altar of an unknown god.
   843 | D:1      | Reached XP level 3. HP: 20/20 MP: 2/6
   847 | D:1      | Learned a level 3 spell: Dazzling Flash
  1132 | D:1      | Reached skill level 1 in Fighting
  1766 | D:2      | Reached skill level 1 in Long Blades
  2203 | D:2      | Reached skill level 1 in Armour
  2269 | D:2      | Reached XP level 4. HP: 20/25 MP: 1/7
  3086 | D:3      | You fall into a shaft and drop 3 floors!
  3134 | D:6      | Found a runed translucent gate.
  3134 | D:6      | Found a runed translucent gate.
  3134 | D:6      | Found a runed translucent gate.
  3137 | D:6      | Noticed brob1's ghost (novice MiFi)
  3153 | D:6      | Noticed a wyvern
  3161 | D:6      | Slain by a wyvern

Illustrated notes

Levels and vault maps discovered:
D:1:      heliophobic_arrival_dark_side_of_the_moon, layout_basic,
          nicolae_ecumenical_snake_handling, minmay_pentomino_p2
D:2:      layout_basic
D:3:      layout_basic
D:6:      kennysheep_slugbush, layout_rooms, ebering_ghost_rock_garden,
          uniq_crazy_yiuf_cottage

Skill      XL: |  1  2  3 |
---------------+----------+-----
Fighting       | 1 |  1.3
Long Blades    | 1 |  1.1
Armour         | 1 |  1.3
Dodging        | 2 |  2.1
Short Blades   | |  0.1
Stealth        | |  2.1
Spellcasting   | |  2.3
Conjurations   | |  4.8
Hexes          | |  0.6

Action                   |  1- 3 |  4- 6 || total
-------------------------+-------+-------++-------
Melee: Dagger            |    66 |    15 ||    81
       Punch             |     1 |       ||     1
 Cast: Magic Dart        |    42 |    11 ||    53
       Searing Ray       |     7 |     9 ||    16
  Use: Scroll            |       |     7 ||     7
Armor: Robe              |     5 |       ||     5
       Leather armour    |    24 |     1 ||    25
       Ring mail         |       |     1 ||     1
Dodge: Dodged            |    47 |     6 ||    53
Block: Kite shield       |       |     6 ||     6
